 Dungeon Crawl Stone Soup version 0.30.0-29-ga12c61a403 (webtiles) character file.

Game seed: 7100462939997690436

105 qw the Chopper (level 4, 0/28 HPs)
             Began as a Gargoyle Fighter on June 4, 2023.
             Slain by a phantom (1 damage)
             ... on level 3 of the Dungeon.
             The game lasted 00:01:06 (1759 turns).

qw the Chopper (Gargoyle Fighter)                   Turns: 1759, Time: 00:01:06

Health: 0/28       AC: 11    Str: 22    XL:     4   Next: 81%
Magic:  4/4        EV:  9    Int:  8    God:
Gold:   75         SH:  4    Dex:  9    Spells: 3/3 levels left

rFire   . . .        Y - +0 war axe
rCold   . . .        c - +0 buckler
rNeg    + . .        b - +0 scale mail
rPois   inf          (no helmet)
rElec   +            (no cloak)
rCorr   .            n - +0 pair of gloves
SInv    .            (no boots)
Will    .....        (no amulet) Stlth
                     (no ring)
HPRegen 0.24/turn    (no ring)
MPRegen 0.09/turn

%: no passive effects
@: about to teleport
A: sickness immunity, AC +3, negative energy resistance 1, electricity
resistance, torment resistance 1, petrification resistance
a: no special abilities


You were on level 3 of the Dungeon.
You visited 1 branch of the dungeon, and saw 3 of its levels.

You collected 75 gold pieces.


Innate Abilities, Weirdness & Mutations

You are immune to sickness and miasma.
Your stone body is resilient. (AC +3)
You are immune to poison.
You resist negative energy. (rN+)
You are resistant to electric shocks. (rElec)
You are resistant to unholy torment.
You are immune to petrification.


   Skills:
 - Level 3.2 Fighting
 + Level 4.4 Axes
 - Level 3.2 Armour
 - Level 3.2 Shields


You had 3 spell levels left.
You didn't know any spells.
Your spell library was empty.

Inventory:

Hand Weapons
 o - a +0 flail
 Y - a +0 war axe (weapon)
Armour
 b - a +0 scale mail (worn)
 c - a +0 buckler (worn)
 n - a +0 pair of gloves (worn)
Scrolls
 g - 2 scrolls of identify
 m - a scroll of enchant weapon {unknown}
Potions
 d - a potion of might
 e - a potion of attraction
 f - a potion of magic
 h - 3 potions of curing
 i - a potion of resistance
 j - a potion of lignification
 k - a potion of ambrosia {unknown}
 l - a potion of brilliance {unknown}

Dungeon Overview and Level Annotations

Branches:
Dungeon (3/15)

Altars:

Shops:
D:2 ==[[*


Message History

You kill the adder!
You barely miss the orc. You closely miss the rat.
You hit the orc but do no damage. You hit the phantom.
The phantom closely misses you. The rat bites you but does no damage.
The orc hits you but does no damage. You block the orc's attack.
You barely miss the phantom.
The phantom is almost destroyed.
You closely miss the orc. You hit the rat. You closely miss the orc.
The rat bites you but does no damage. The orc hits you but does no damage.
The phantom hits you.
The phantom blinks!
You blink.
The phantom misses you. The orc barely misses you.
An orc comes into view. It is wielding a +0 flail.
Enter note:
Enter note: You closely miss the phantom.
The phantom is almost destroyed.
You barely miss the orc.
The orc shouts!
The phantom hits you but does no damage.
You closely miss the phantom.
The phantom is almost destroyed.
You barely miss the orc. x2
The phantom hits you but does no damage.
The orc hits you but does no damage.
You barely miss the phantom.
The phantom is almost destroyed.
You hit the orc but do no damage.
You barely miss the orc. x2; You hit the rat.
You kill the rat!
The orc hits you but does no damage. The orc barely misses you.
The phantom hits you but does no damage.
The orc hits you with a +0 hand axe. You block the orc's attack.
The orc hits you with a +0 whip. The phantom closely misses you.
The orc barely misses you.
1759 ||| READING scroll of teleportation.
As you read the scroll of teleportation, it crumbles to dust.
You feel strangely unstable. You block the orc's attack.
The orc hits you but does no damage. The orc hits you with a +0 mace.
The orc hits you but does no damage. The phantom hits you.
You die...

# . #... ##.
#....###### #####....
#..)...#######........
#....oo...............
#....W@######.........
#...ooo# #.##...###
#......# ##.# .###
##...... #... #
#....... ##..#
#.......##...#
........ #.#.#
###..##### #.# #######
#.#.#......


You could see a phantom and 5 orcs.

Vanquished Creatures
  6 adders
  A worm (D:2)
  2 dart slugs
  An orc (D:3)
  2 endoplasms
  2 goblins
  4 hobgoblins
  6 kobolds
  2 quokkas (D:2)
  7 ball pythons
  A bat (D:2)
  4 frilled lizards
  8 rats
46 creatures vanquished.

Notes
Turn   | Place    | Note
-------+----------+-------------------------------------------
     0 | D:1      | qw the Gargoyle Fighter began the quest for the Orb.
     0 | D:1      | Reached XP level 1. HP: 14/14 MP: 1/1
     0 | D:1      | 0 ||| qw: Version: 0.2-a-107-g4668610
     0 | D:1      | 0 ||| qw: Game counter: 1277
     0 | D:1      | 0 ||| qw: Always use a shield: true
     0 | D:1      | 0 ||| qw: God list: Okawaru
     0 | D:1      | 0 ||| qw: Allow faded altars: false
     0 | D:1      | 0 ||| qw: Do Orc after D:15 true
     0 | D:1      | 0 ||| qw: Do second Lair branch before Depths: true
     0 | D:1      | 0 ||| qw: Lair rune preference: random
     0 | D:1      | 0 ||| qw: Plans: Normal, Zot:1-4, Slime:5, God:TSO, Crypt,
                  | Tomb, Abyss, Pan, Hells, Win
     0 | D:1      | 0 ||| PLANNING D:1-11
    97 | D:1      | Reached skill level 2 in Axes
   422 | D:1      | Reached XP level 2. HP: 19/19 MP: 2/2
   625 | D:1      | 625 ||| UPGRADING to +0 pair of gloves.
   630 | D:1      | 630 ||| READING 2 scrolls labelled UKHIES SACHE.
   631 | D:1      | 631 ||| READING scroll labelled PUMOAMUKARGH.
   634 | D:1      | 634 ||| READING scroll labelled YKLUIPLURY.
   635 | D:1      | 635 ||| DRINKING 2 orange potions.
   636 | D:1      | 636 ||| DRINKING 2 lumpy red potions.
   637 | D:1      | 637 ||| DROPPING scroll of blinking.
   694 | D:2      | Found a faded altar of an unknown god.
   698 | D:2      | 698 ||| Stepping ~*~*~tactically~*~*~ (stealth).
   769 | D:2      | 769 ||| Stepping ~*~*~tactically~*~*~ (hiding).
   771 | D:2      | 771 ||| Stepping ~*~*~tactically~*~*~ (hiding).
   888 | D:2      | Reached skill level 3 in Axes
   897 | D:2      | 897 ||| Stepping ~*~*~tactically~*~*~ (stealth).
   905 | D:2      | 905 ||| Stepping ~*~*~tactically~*~*~ (stealth).
   908 | D:2      | 908 ||| Stepping ~*~*~tactically~*~*~ (hiding).
   913 | D:2      | Reached XP level 3. HP: 19/23 MP: 3/3
   958 | D:2      | 958 ||| Stepping ~*~*~tactically~*~*~ (stealth).
  1066 | D:2      | Found Bettaz's Armour Shoppe.
  1071 | D:2      | 1071 ||| SHOPLISTING +0 chain mail (54 gold, have 42).
  1071 | D:2      | 1071 ||| SHOPLISTING +0 storm dragon scales of Vexation
                  | {rElec Slay+3} (1195 gold, have 42).
  1071 | D:2      | 1071 ||| SHOPLISTING +4 skin of Zhor {*Englaciate rC+++
                  | SInv} (798 gold, have 42).
  1071 | D:2      | 1071 ||| SHOPLISTING +9 ring mail of the Thinker {Harm Fly}
                  | (697 gold, have 42).
  1094 | D:2      | 1094 ||| DROPPING +0 whip.
  1098 | D:2      | Found Akoerhuo's Antique Armour Boutique.
  1107 | D:2      | 1107 ||| SHOPLISTING cloak (94 gold, have 42).
  1107 | D:2      | 1107 ||| SHOPLISTING glowing leather armour (105 gold, have
                  | 42).
  1109 | D:2      | 1109 ||| DROPPING +1 hand axe of draining.
  1116 | D:2      | Found Sitan's General Store.
  1126 | D:2      | 1126 ||| SHOPLISTING +4 pair of gloves "Sufeq" {MP-9 Dex+7}
                  | (382 gold, have 42).
  1140 | D:2      | Found Deesuqih's Jewellery Emporium.
  1153 | D:2      | 1153 ||| SHOPLISTING +6 ring of strength (468 gold, have
                  | 42).
  1153 | D:2      | 1153 ||| SHOPLISTING ring of ice (325 gold, have 42).
  1153 | D:2      | 1153 ||| SHOPLISTING ring of protection from cold (325
                  | gold, have 42).
  1153 | D:2      | 1153 ||| SHOPLISTING ring of protection from fire (325
                  | gold, have 42).
  1153 | D:2      | 1153 ||| SHOPLISTING ring of resist corrosion (260 gold,
                  | have 42).
  1153 | D:2      | 1153 ||| SHOPLISTING ring of see invisible (195 gold, have
                  | 42).
  1184 | D:2      | Reached XP level 4. HP: 24/28 MP: 4/4
  1203 | D:2      | Reached skill level 4 in Axes
  1208 | D:2      | 1208 ||| FLEEEEING.
  1209 | D:2      | 1209 ||| FLEEEEING.
  1210 | D:2      | 1210 ||| FLEEEEING.
  1211 | D:2      | 1211 ||| FLEEEEING.
  1212 | D:2      | 1212 ||| FLEEEEING.
  1213 | D:2      | 1213 ||| FLEEEEING.
  1214 | D:2      | 1214 ||| FLEEEEING.
  1215 | D:2      | 1215 ||| FLEEEEING.
  1216 | D:2      | 1216 ||| FLEEEEING.
  1218 | D:2      | Found Kibam's Jewellery Shoppe.
  1242 | D:2      | 1242 ||| FLEEEEING.
  1243 | D:2      | 1243 ||| FLEEEEING.
  1250 | D:2      | 1250 ||| FLEEEEING.
  1265 | D:2      | 1265 ||| FLEEEEING.
  1268 | D:2      | 1268 ||| STAIRDANCE
  1278 | D:1      | 1278 ||| READING scroll labelled URYCHU KASHREQ.
  1279 | D:1      | 1279 ||| READING scroll labelled GESILE RINK.
  1280 | D:1      | 1280 ||| DRINKING 2 smoky purple potions.
  1281 | D:1      | 1281 ||| DRINKING 2 sedimented red potions.
  1282 | D:1      | 1282 ||| DRINKING 2 fizzy green potions.
  1424 | D:2      | 1424 ||| SHOPLISTING +4 ring of protection (432 gold, have
                  | 42).
  1424 | D:2      | 1424 ||| SHOPLISTING +5 ring of evasion (432 gold, have
                  | 42).
  1424 | D:2      | 1424 ||| SHOPLISTING amulet of Zoalliraj {Acrobat +Inv
                  | Regen+ Str+3} (603 gold, have 42).
  1424 | D:2      | 1424 ||| SHOPLISTING amulet of faith (480 gold, have 42).
  1424 | D:2      | 1424 ||| SHOPLISTING amulet of regeneration (360 gold, have
                  | 42).
  1424 | D:2      | 1424 ||| SHOPLISTING ring of positive energy (240 gold,
                  | have 42).
  1432 | D:2      | 1432 ||| Stepping ~*~*~tactically~*~*~ (stealth).
  1557 | D:2      | 1557 ||| READING scroll labelled BOEFUE KOK YXEN.
  1585 | D:3      | 1585 ||| STAIRDANCE
  1731 | D:3      | Noticed a phantom
  1758 | D:3      | HP: 7/28 [orc/+0 hand axe (2)]
  1758 | D:3      | HP: 3/28 [orc/+0 whip (4)]
  1759 | D:3      | 1759 ||| READING scroll of teleportation.
  1759 | D:3      | HP: 1/28 [orc/+0 mace (2)]
  1759 | D:3      | Slain by a phantom

Levels and vault maps discovered:
D:1:      ldierk_walled_garden, layout_loops_ring, minmay_misc_feat_doors
D:2:      layout_rooms, serial_shops, shop, nicolae_shop_rolling_square, shop,
          nicolae_shop_window_shopping, shop_fountains,
          nicolae_ecumenical_snake_handling
D:3:      layout_basic, lemuel_coloured_pillars_altar

Skill      XL: |  1  2  3  4 |
---------------+-------------+-----
Axes           | 2 3 4 |  4.4
Fighting       | |  3.2
Armour         | |  3.2
Shields        | |  3.2

Action                     |  1- 3 |  4- 6 || total
---------------------------+-------+-------++-------
  Melee: War axe           |    68 |    82 ||   150
    Use: Scroll            |     3 |     4 ||     7
         Potion            |     2 |     3 ||     5
 Armour: Scale mail        |    33 |    65 ||    98
  Dodge: Dodged            |    26 |    54 ||    80
  Block: Buckler           |    13 |    15 ||    28

Table legend:
 A = Non-vault XP
 B = Vault XP
 C = Vault XP percentage of total XP
 D = Non-vault monster count
 E = Vault monster count
 F = Vault count percentage of total count
                 A         B        C        D         E       F
            +---------+---------+-------+---------+---------+-------
      Total |     145 |       5 |   3.3 |      43 |       3 |   6.5
            +---------+---------+-------+---------+---------+-------
        D:1 |      17 |       0 |   0.0 |      10 |       0 |   0.0
        D:2 |     104 |       5 |   4.6 |      26 |       3 |  10.3
        D:3 |      24 |       0 |   0.0 |       7 |       0 |   0.0
            +---------+---------+-------+---------+---------+-------
